 Dungeon Crawl Stone Soup version 0.20-b1-2-gc5a9893 (webtiles) character file.

420 markarz the Skirmisher (level 6, -6/68 HPs)
             Began as an Ogre Warper on May 21, 2017.
             Mangled by Menkaure (18 damage)
             ... on level 4 of the Dungeon.
             The game lasted 00:12:12 (3627 turns).

markarz the Skirmisher (Ogre Warper)                Turns: 3627, Time: 00:12:12

Health: -6/68      AC:  6    Str: 18    XL:     6   Next: 94%
Magic:  5/9        EV: 10    Int: 14    God:
Gold:   126        SH:  0    Dex:  8    Spells: 5/9 levels left

rFire    + . .     SeeInvis .   u - +0 morningstar
rCold    + . .     Gourm    .   (no shield)
rNeg     . . .     Faith    .   r - +2 robe {rC+ rF+}
rPois    .         Spirit   .   (helmet restricted)
rElec    .         Reflect  .   h - +0 cloak
rCorr    .         Harm     .   (gloves unavailable)
MR       .....                  (boots unavailable)
Stlth    +.........             (no amulet)
Regen    0.3/turn               (no ring)
MPRegen  0.2/turn               (no ring)

@: shrouded (expiring), very slightly contaminated
A: unfitting armour, tough skin 1
a: no special abilities


You were on level 4 of the Dungeon.
You were hungry.

You visited 1 branch of the dungeon, and saw 4 of its levels.

You collected 126 gold pieces.

Inventory:

Hand Weapons
 u - a +0 morningstar (weapon)
Missiles
 a - 3 steel javelins (quivered)
 e - 5 tomahawks of dispersal
 k - 2 tomahawks
 s - 3 large rocks
Armour
 h - a +0 cloak (worn)
 r - a +2 robe of resistance (worn)
Wands
 v - a wand of lightning (5/15)
Scrolls
 d - 2 scrolls of blinking
 i - 3 scrolls of identify {unknown}
 l - a scroll of fog {unknown}
 t - 2 scrolls of magic mapping {unknown}
 w - a scroll of enchant weapon {unknown}
Potions
 b - a potion of mutation {unknown}
 g - a potion of cancellation {unknown}
 m - a potion of curing
 n - a potion of might
 o - 2 potions of ambrosia {unknown}
 p - a potion of flight {unknown}
 q - 3 potions of degeneration {unknown}
Books
 c - a book of Spatial Translocations

   Spells                             Type                      Level
   a - Blink                          Translocation                2
   b - Shroud of Golubria             Charms/Translocation         2
   c - Lesser Beckoning               Translocation                3
   d - Gell's Gravitas                Translocation                3
   e - Teleport Other                 Translocation                3
   f - Passage of Golubria            Translocation                4
Comestibles
 f - 2 bread rations
 j - 4 royal jellies
 z - a meat ration


   Skills:
 + Level 6.7 Fighting
 + Level 4.9 Maces & Flails
 - Level 1.0 Throwing
 - Level 2.1 Dodging
 - Level 2.4 Spellcasting
 - Level 2.6 Translocations


You had 5 spell levels left.
You knew the following spells:

 Your Spells              Type           Power        Failure   Level  Hunger
a - Blink                 Tloc           N/A          12%         2    ###....
b - Shroud of Golubria    Chrm/Tloc      #.........   21%         2    ###....


Dungeon Overview and Level Annotations

Branches:
Dungeon (4/15)
 Temple: D:4-7

Altars:
Fedhas
Nemelex Xobeh

Shops:
D:4 (

Annotations:
D:3 exclusion: oklob plant
D:4 Menkaure


Innate Abilities, Weirdness & Mutations

You are too large for most types of armour.
You have tough skin. (AC +1)


Message History

You hit Menkaure.
Menkaure is moderately damaged.
Menkaure hits you but does no damage.
Menkaure calls on the powers of darkness!
Your body is wracked with pain!
* * * LOW HITPOINT WARNING * * *
Throwing (i - inventory. (,) - cycle):
a - 5 steel javelins (quivered)
Press: ? - help, Shift-Dir - straight line, f - Menkaure
Aim: Menkaure (moderately damaged, fast)
You throw a steel javelin. The steel javelin hits Menkaure.
Menkaure is heavily damaged.
Menkaure hits you.
* * * LOW HITPOINT WARNING * * *
Throwing (i - inventory. (,) - cycle):
a - 4 steel javelins (quivered)
Press: ? - help, Shift-Dir - straight line, f/p - Menkaure
Aim: Menkaure (heavily damaged, fast)
You throw a steel javelin. The steel javelin hits Menkaure.
Menkaure is heavily damaged.
Menkaure hits you!!
You die...

#..#.####.###..#####.
....#.................
#.#...#...........#####.
#.#......##..###### ##
.##.#..........# #
..?....###.###.# .......
#.###.###########
.......###................
###.WM@.....###########
#.#####..## ## #.>......#
#. #.######.# #. #. #.# #.
.( #.# #. .. ..# #. ## ###
##


You could see a phantom and Menkaure.

Vanquished Creatures
  A centaur (D:4)
  A howler monkey (D:4)
  An orc priest (D:3)
  Jessica (D:2)
  2 orc wizards (D:3)
  A worker ant (D:3)
  Robin (D:4)
  5 adders
  An ooze (D:1)
  A worm (D:2)
  3 dart slugs
  6 leopard geckos
  11 orcs
  8 bats
  4 giant cockroaches
  15 goblins
  9 hobgoblins
  3 kobolds
  4 quokkas
  2 ball pythons
  4 frilled lizards
  6 rats
90 creatures vanquished.

Vanquished Creatures (others)
  A frilled lizard (D:2)
1 creature vanquished.

Grand Total: 91 creatures vanquished

Notes
Turn   | Place    | Note
-------+----------+-------------------------------------------
     0 | D:1      | markarz the Ogre Warper began the quest for the Orb.
     0 | D:1      | Reached XP level 1. HP: 22/22 MP: 3/3
    67 | D:1      | Reached skill level 3 in Fighting
   107 | D:1      | Reached XP level 2. HP: 28/31 MP: 5/5
   492 | D:1      | Reached XP level 3. HP: 32/39 MP: 6/6
   828 | D:2      | Learned a level 2 spell: Blink
   831 | D:2      | Learned a level 2 spell: Shroud of Golubria
   863 | D:2      | Reached skill level 4 in Fighting
   922 | D:2      | Noticed Jessica
   924 | D:2      | Found a sparkling altar of Nemelex Xobeh.
   933 | D:2      | Killed Jessica
   933 | D:2      | Reached XP level 4. HP: 29/49 MP: 7/7
  1610 | D:3      | Reached skill level 5 in Fighting
  1659 | D:3      | Reached XP level 5. HP: 57/57 MP: 8/8
  2929 | D:3      | Reached XP level 6. HP: 47/67 MP: 9/9
  2933 | D:3      | Reached skill level 6 in Fighting
  3078 | D:3      | Found a blossoming altar of Fedhas.
  3109 | D:3      | Noticed an oklob plant
  3396 | D:4      | Noticed Robin
  3438 | D:4      | Killed Robin
  3495 | D:4      | Found Waoruon's Weapon Boutique.
  3605 | D:4      | Noticed a phantom
  3609 | D:4      | Noticed Menkaure
  3627 | D:4      | Mangled by Menkaure

Skill      XL: |  1  2  3  4  5  6 |
---------------+-------------------+-----
Fighting       | 3 4 5 6 |  6.7
Maces & Flails | 2 3 4 |  4.9
Throwing       | |  1.0
Dodging        | |  2.1
Spellcasting   | |  2.4
Translocations | |  2.6

Action                   |  1- 3 |  4- 6 || total
-------------------------+-------+-------++-------
Melee: Mace              |   108 |   171 ||   279
       Morningstar       |       |   140 ||   140
Throw: Large rock        |     3 |     3 ||     6
       Javelin           |       |     2 ||     2
 Cast: Shroud of Golubri |       |    12 ||    12
  Use: Potion            |       |     1 ||     1
  Eat: Chunk             |       |    10 ||    10
Armor: Robe              |    71 |   153 ||   224
Dodge: Dodged            |    66 |   211 ||   277
